 Dungeon Crawl Stone Soup version 0.17.1-1-g73c8601 (webtiles) character file.

7494 Runnr the Black Sun (level 10, -4/79 HPs)
             Began as a Demonspawn Necromancer on Dec 18, 2015.
             Was a High Priest of Kikubaaqudgha.
             Slain by Snorg (9 damage)
             ... on level 3 of the Orcish Mines.
             The game lasted 02:02:40 (13478 turns).

Runnr the Black Sun (Demonspawn Necromancer)       Turns: 13478, Time: 02:02:40

Health: -4/79      AC: 13    Str: 10    XL:     10   Next: 95%
Magic:  15/21      EV: 18    Int: 19    God:    Kikubaaqudgha [*****.]
Gold:   948        SH:  3    Dex: 20    Spells: 7 memorised, 8 levels left

rFire  . . .     SeeInvis .     u - +2 short sword (vamp)
rCold  . . .     Clarity  .     d - +1 robe of the Forest {rPois rN+ Int+3 Dex+4}
rNeg   + . .     SustAt   .     (no shield)
rPois  +         Gourm    .     e - +2 helmet
rElec  .         Spirit   .     s - +2 cloak
rCorr  .         Warding  .     o - +0 pair of gloves
rMut   .         Stasis   .     (no boots)
MR     .....                    (no amulet)
Stlth  +++.......               (no ring)
                                g - ring of stealth

@: not resistant to hostile enchantments, fairly stealthy
A: claws 1, large bone plates 2, spiny 1
a: Receive Corpses, Torment, Renounce Religion


You were on level 3 of the Orcish Mines.
You worshipped Kikubaaqudgha.
Kikubaaqudgha was extremely pleased with you.
You were not hungry.

You visited 3 branches of the dungeon, and saw 13 of its levels.

You collected 1108 gold pieces.
You spent 160 gold pieces at shops.

Inventory:

Hand Weapons
 u - a +2 vampiric short sword (weapon)
 w - a +0 great sword
 F - a cursed +3 falchion
 G - a cursed +4 mace
Armour
 d - the +1 robe of the Forest (worn) {rPois rN+ Int+3 Dex+4}
   (You bought it in a shop on level 5 of the Dungeon)

   It affects your intelligence (+3).
   It affects your dexterity (+4).
   It protects you from poison.
   It protects you from negative energy.
 e - a +2 helmet (worn)
 o - a +0 pair of gloves (worn)
 s - a +2 cloak (worn)
Magical Staves
 t - an uncursed staff of summoning
Jewellery
 g - a ring of stealth (left hand)
Wands
 j - a wand of slowing (39)
 v - a wand of confusion (24)
Scrolls
 a - a scroll of enchant weapon {unknown}
 f - 2 scrolls of recharging
 k - a scroll of magic mapping
 l - 2 scrolls of amnesia
 m - a scroll of random uselessness
 q - 5 scrolls of remove curse
 r - a scroll of silence {unknown}
Potions
 i - 2 potions of brilliance
 p - 4 potions of lignification
 z - a potion of invisibility {unknown}
 A - 3 potions of might
 D - a potion of berserk rage {unknown}
Books
 b - a book of Necromancy

   Spells                             Type                      Level
   a - Pain                           Necromancy                   1
   b - Animate Skeleton               Necromancy                   1
   c - Vampiric Draining              Necromancy                   3
   d - Regeneration                   Charms/Necromancy            3
   e - Animate Dead                   Necromancy                   4
   f - Control Undead                 Necromancy                   4
 h - Kikubaaqudgha's Tome of Black Secrets
   (Kikubaaqudgha gifted it to you on level 8 of the Dungeon)

   Spells                             Type                      Level
   a - Animate Skeleton               Necromancy                   1
   b - Corpse Rot                     Necromancy                   2
   c - Sublimation of Blood           Necromancy                   2
   d - Vampiric Draining              Necromancy                   3
   e - Control Undead                 Necromancy                   4
 x - a book of Enchantments

   Spells                             Type                      Level
   a - Cause Fear                     Hexes                        4
   b - Silence                        Hexes/Air                    5
   c - Deflect Missiles               Charms/Air                   6
   d - Haste                          Charms                       6
   e - Discord                        Hexes                        8
 y - Kikubaaqudgha's Guide on Dark Arts
   (Kikubaaqudgha gifted it to you on level 8 of the Dungeon)

   Spells                             Type                      Level
   a - Bolt of Draining               Conjuration/Necromancy       5
   b - Agony                          Necromancy                   5
   c - Cigotuvi's Embrace             Necromancy                   5
   d - Dispel Undead                  Necromancy                   5
   e - Death Channel                  Necromancy                   6
Comestibles
 c - 5 bread rations
 C - 10 royal jellies


   Skills:
 + Level 7.4 Fighting
 + Level 5.9(6.1) Short Blades
 - Level 2.3(4.4) Long Blades
 + Level 7.2 Dodging
 - Level 1.8 Stealth
 + Level 7.5 Spellcasting
 + Level 9.4 Necromancy


You had 8 spell levels left.
You knew the following spells:

 Your Spells              Type           Power        Failure   Level  Hunger
a - Pain                  Necr           ####         1%          1    None
b - Animate Skeleton      Necr           N/A          1%          1    None
c - Vampiric Draining     Necr           #####.....   1%          3    #......
d - Regeneration          Chrm/Necr      ####......   4%          3    #......
e - Animate Dead          Necr           N/A          1%          4    ###....
f - Sublimation of Blood  Necr           #####.....   1%          2    None
g - Corpse Rot            Necr           N/A          1%          2    None


Dungeon Overview and Level Annotations

Branches:
Dungeon (9/15)             Temple (1/1) D:7            Lair (0/8) D:9
    Orc (3/4) D:9             Elf (0/3) Orc:3

Altars:
Ashenzari
Cheibriados
Dithmenos
Elyvilon
Fedhas
Gozag
Kikubaaqudgha
Makhleb
Nemelex Xobeh
Okawaru
Qazlal
Sif Muna
Trog
Vehumet
Xom
Yredelemnul
Zin
The Shining One

Shops:
D:5 *[*![   D:9 ([   Orc:1 (   Orc:3 *

Annotations:
D:4 Blork the orc, Prince Ribbit
D:7 Runnr's ghost, novice DsNe
D:9 PossumBlood's ghost, journeyman FoFi
Orc:3 Donald; Snorg


Innate Abilities, Weirdness & Mutations

You have sharp fingernails.
You are mostly covered in large bone plates (AC +3, SH +3).
You are partially covered in sharp spines.


Message History

Your ogre zombie is destroyed!
Your orc zombie barely misses Snorg.
Your orc zombie hits Snorg.
Snorg barely misses your orc zombie. Snorg claws your orc zombie.
Snorg claws your orc zombie. Snorg bites your orc zombie.
Your orc zombie is destroyed!
Your orc zombie closely misses Snorg.
Something blocks your orc zombie's attack.
Something hits your orc zombie!!
Your orc zombie is destroyed!
You hear a shout!
There is an escape hatch in the floor here.
Read which item? (? for menu, Esc to quit)
Okay, then.
Read which item? (? for menu, Esc to quit)
As you read the scroll labeled ANGYIG MANOL, it crumbles to dust.
Wisps of shadow whirl around you...
It was a scroll of summoning.
Snorg is struck by your spines. Snorg bites you but does no damage.
Snorg claws you!
You die...
Kikubaaqudgha rasps: "You have failed me!
Welcome... death!"

##.#.#.#...............
######...............#...
##...#.........##....
##...##..o....#.......
#...#...........>.....
##.#...................
####...o#.........#...
###.#.............#.
#o@T#...........##.
##.#..Z............
####.#).........#
#.............#
##....Z@......#
#.............#
##..##.....#.##
#####..)#....# ##.[....##


You could see Snorg (berserk), 3 friendly orcs and 2 friendly orc zombies.

Vanquished Creatures
  2 polar bears (D:8)
  A troll (Orc:3)
  5 soldier ants (D:8)
  A wolf (D:8)
  Edmund (D:6)
  8 orc warriors
  2 porcupines (D:9)
  3 ogres
  A phantom (D:9)
  2 sky beasts
  A wasp (D:8)
  2 centaurs
  6 ice beasts
  A big kobold (D:9)
  2 scorpions
  3 wights (D:6)
  A water moccasin skeleton (D:6)
  2 crimson imps
  12 orc priests
  6 jellies
  A centaur zombie (D:8)
  2 hounds (D:4)
  4 iguanas
  28 worker ants
  2 hell rats (D:9)
  20 orc wizards
  A giant frog simulacrum (D:8)
  A hound skeleton (D:4)
  A hound zombie (D:8)
  2 worker ant zombies
  12 gnolls
  12 adders
  A river rat (D:9)
  2 white imps (D:8)
  4 oozes
  An adder zombie (D:5)
  2 adder skeletons
  4 worms
  6 giant geckos
  104 orcs
  5 bats
  2 giant cockroaches
  9 goblins
  7 hobgoblins
  9 jackals
  7 kobolds
  A giant cockroach zombie (D:6)
  A giant gecko skeleton (D:8)
  7 giant newts
  3 quokkas
  9 rats
332 creatures vanquished.

Vanquished Creatures (collateral kills)
  Joseph (D:8)
  2 yaks (D:8)
  An ice beast (D:9)
  An ogre (D:9)
  A water moccasin (D:8)
  A porcupine (D:9)
  An orc warrior (D:8)
  A scorpion (D:8)
  2 crimson imps
  An electric eel (D:8)
  A hound (D:5)
  A hell rat (D:9)
  An orc wizard (Orc:3)
  3 worker ants
  2 oozes (D:8)
  A worm (D:5)
  11 orcs
  A hobgoblin (D:2)
  A quokka (D:2)
34 creatures vanquished.

Vanquished Creatures (others)
  An ufetubus (D:8)
  An orc (Orc:2)
2 creatures vanquished.

Grand Total: 368 creatures vanquished

Notes
Turn   | Place    | Note
--------------------------------------------------------------
     0 | D:1      | Runnr the Demonspawn Necromancer began the quest for the Orb.
     0 | D:1      | Reached XP level 1. HP: 13/13 MP: 3/3
   652 | D:1      | Gained mutation: You are partially covered in large bone plates (AC +2, SH +2). [demonic ancestry]
   652 | D:1      | Reached XP level 2. HP: 20/20 MP: 3/5
  1186 | D:2      | Learned a level 1 spell: Animate Skeleton
  1200 | D:2      | Reached skill level 1 in Fighting
  1290 | D:2      | Reached XP level 3. HP: 17/26 MP: 0/6
  1810 | D:2      | Found a shimmering altar of Xom.
  2075 | D:3      | Reached XP level 4. HP: 28/32 MP: 3/8
  2595 | D:4      | Learned a level 3 spell: Vampiric Draining
  2599 | D:4      | Learned a level 3 spell: Regeneration
  2735 | D:4      | Noticed Blork the orc
  3231 | D:4      | Reached skill level 5 in Necromancy
  3231 | D:4      | Reached XP level 5. HP: 34/38 MP: 4/9
  3361 | D:4      | Reached skill level 1 in Short Blades
  3914 | D:5      | Entered Level 5 of the Dungeon
  3914 | D:5      | Noticed Prince Ribbit
  3944 | D:4      | Reached XP level 6. HP: 19/44 MP: 4/11
  4165 | D:5      | Found Zimo's Assorted Antiques.
  4173 | D:5      | Bought a tattered robe for 91 gold pieces
  4183 | D:5      | Identified the +1 robe of the Forest {rPois rN+ Int+3 Dex+4} (You bought it in a shop on level 5 of the Dungeon)
  4289 | D:5      | Found Vuqi's Armour Shop.
  4317 | D:5      | Found Nairghao's Distillery.
  4328 | D:5      | Bought a potion of curing for 45 gold pieces
  4368 | D:5      | Found a deep blue altar of Sif Muna.
  4450 | D:5      | Reached skill level 1 in Long Blades
  4649 | D:5      | Noticed a centaur
  4678 | D:5      | Killed a centaur
  4708 | D:5      | Found Vopton's General Store.
  4711 | D:5      | Bought a scroll of identify for 24 gold pieces
  4744 | D:5      | Noticed a sky beast
  4757 | D:5      | Killed a sky beast
  4757 | D:5      | Gained mutation: You are mostly covered in large bone plates (AC +3, SH +3). [demonic ancestry]
  4757 | D:5      | Reached XP level 7. HP: 34/52 MP: 8/12
  4808 | D:5      | Found Tukohyteo's Armour Shop.
  5516 | D:6      | Reached skill level 6 in Necromancy
  5699 | D:6      | Noticed Edmund
  5760 | D:6      | Noticed a deep elf mage
  6257 | D:6      | Gained mutation: You have sharp fingernails. [demonic ancestry]
  6257 | D:6      | Reached XP level 8. HP: 54/60 MP: 14/14
  6331 | D:6      | Killed Edmund
  7287 | D:6      | Learned a level 4 spell: Animate Dead
  7301 | D:6      | HP: 2/61 [burnt (4)]
  7637 | D:6      | Reached skill level 5 in Dodging
  7762 | D:7      | Noticed Runnr's ghost (novice DsNe)
  7828 | D:7      | Reached skill level 5 in Spellcasting
  7906 | D:7      | Found a staircase to the Ecumenical Temple.
  8198 | D:7      | Reached skill level 7 in Necromancy
  8927 | Temple   | Entered the Ecumenical Temple
  9078 | Temple   | Became a worshipper of Kikubaaqudgha
  9224 | D:8      | Reached skill level 5 in Fighting
  9289 | D:8      | Gained mutation: You are partially covered in sharp spines. [demonic ancestry]
  9289 | D:8      | Reached XP level 9. HP: 12/68 MP: 4/16
  9396 | D:8      | Noticed a queen ant
  9461 | D:8      | Reached * piety under Kikubaaqudgha
  9461 | D:8      | Received a gift from Kikubaaqudgha
  9472 | D:8      | Identified Kikubaaqudgha's Tome of Black Secrets (Kikubaaqudgha gifted it to you on level 8 of the Dungeon)
  9526 | D:8      | Learned a level 2 spell: Sublimation of Blood
  9643 | D:8      | Learned a level 2 spell: Corpse Rot
  9779 | D:8      | Reached skill level 8 in Necromancy
  9821 | D:8      | Noticed Joseph
 10076 | D:6      | Reached ** piety under Kikubaaqudgha
 10203 | D:8      | Noticed a polar bear
 10229 | D:8      | Killed a polar bear
 10287 | D:8      | Reached XP level 10. HP: 76/76 MP: 19/19
 10334 | D:8      | Killed Joseph
 10561 | D:8      | Noticed a polar bear
 10578 | D:8      | Killed a polar bear
 10578 | D:8      | Reached skill level 5 in Short Blades
 10845 | D:8      | Reached *** piety under Kikubaaqudgha
 10845 | D:8      | Received a gift from Kikubaaqudgha
 11391 | D:8      | Identified Kikubaaqudgha's Guide on Dark Arts (Kikubaaqudgha gifted it to you on level 8 of the Dungeon)
 11635 | D:9      | Found a bloodstained altar of Trog.
 11639 | D:9      | Found a basalt altar of Yredelemnul.
 11640 | D:9      | Found a shimmering altar of Xom.
 11669 | D:9      | Reached skill level 9 in Necromancy
 11715 | D:9      | Found a staircase to the Lair.
 11720 | D:9      | Noticed PossumBlood's ghost (journeyman FoFi)
 11734 | D:9      | Found a deep blue altar of Sif Muna.
 11734 | D:9      | Found an opulent altar of Gozag.
 12096 | D:9      | Found Ruczikil's Weapon Shoppe.
 12096 | D:9      | Found a staircase to the Orcish Mines.
 12100 | D:9      | Found Ruahen's Armour Shoppe.
 12113 | Orc:1    | Entered Level 1 of the Orcish Mines
 12224 | Orc:1    | Reached **** piety under Kikubaaqudgha
 12270 | Orc:1    | Found Folasip's Weapon Emporium.
 12962 | Orc:2    | Noticed an orc sorcerer
 12994 | Orc:2    | Noticed an orc sorcerer
 12995 | Orc:2    | Noticed a sun demon
 12995 | Orc:2    | Paralysed by an orc sorcerer for 4 turns
 13176 | Orc:3    | Reached ***** piety under Kikubaaqudgha
 13291 | Orc:3    | Found a staircase to the Elven Halls.
 13454 | Orc:3    | Found Huowioff's Assorted Antiques.
 13457 | Orc:3    | Noticed Snorg
 13458 | Orc:3    | Noticed Donald
 13478 | Orc:3    | Slain by Snorg

Action                   |  1- 3 |  4- 6 |  7- 9 | 10-12 || total
-------------------------+-------+-------+-------+-------++-------
Melee: Unarmed           |     9 |       |       |       ||     9
       Great sword       |    11 |    76 |    99 |       ||   186
       Short sword       |       |    43 |   545 |   400 ||   988
       War axe           |       |       |     2 |       ||     2
 Cast: Pain              |    70 |    35 |   108 |    74 ||   287
       Animate Skeleton  |    10 |     8 |    28 |    13 ||    59
       Regeneration      |       |     5 |    10 |    18 ||    33
       Animate Dead      |       |       |     7 |    23 ||    30
       Vampiric Draining |       |       |     1 |     1 ||     2
       Corpse Rot        |       |       |     1 |       ||     1
Invok: Receive Corpses   |       |       |       |     1 ||     1
  Use: Scroll            |       |    11 |    12 |     1 ||    24
       Potion            |       |     1 |     5 |       ||     6
 Stab: Sleeping          |       |     4 |     3 |     8 ||    15
       Distracted        |       |     1 |     1 |     4 ||     6
  Eat: Chunk             |     4 |     8 |    12 |    15 ||    39
       Fruit             |       |     3 |       |       ||     3
       Pizza             |       |     1 |     1 |       ||     2
       Royal jelly       |       |     1 |       |       ||     1
       Meat ration       |       |       |     2 |       ||     2
       Beef jerky        |       |       |     1 |       ||     1
